 Dungeon Crawl Stone Soup version 0.27.1-2-g3b301248ec (webtiles) character file.

Game seed: 13321921637247919453

2 PewDiePie the Sneak (level 1, 0/20 HPs)
             Began as a Deep Dwarf Delver on Sept 23, 2021.
             Slain by an orc (1 damage)
             ... on level 5 of the Dungeon.
             The game lasted 00:00:23 (46 turns).

PewDiePie the Sneak (Deep Dwarf Delver)               Turns: 46, Time: 00:00:23

Health: 0/20       AC:  3    Str: 15    XL:     1   Next: 25%
Magic:  1/1        EV: 12    Int: 10    God:
Gold:   0          SH:  0    Dex: 14    Spells: 0/0 levels left

rFire    . . .     SeeInvis .   a - +0 hand axe
rCold    . . .     Faith    .   (no shield)
rNeg     . . .     Spirit   .   b - +0 leather armour
rPois    .         Reflect  .   (no helmet)
rElec    .         Harm     .   (no cloak)
rCorr    .         Rampage  .   (no gloves)
Will     .....                  (no boots)
Stlth    ++........             (no amulet)
HPRegen  0.00/turn              (no ring)
MPRegen  0.07/turn              (no ring)

@: very slow
A: damage resistance, heal wounds, sense surroundings 1, no regeneration
a: Heal Wounds


You were on level 5 of the Dungeon.
You visited 1 branch of the dungeon, and saw 1 of its levels.

Inventory:

Hand Weapons
 a - a +0 hand axe (weapon)
Armour
 b - a +0 leather armour (worn)
Wands
 g - a wand of digging (3)
Scrolls
 c - a scroll of fog
 d - a scroll of magic mapping
 e - a scroll of fear
Potions
 f - a potion of haste


   Skills:
 + Level 2.7 Fighting
 + Level 2.2 Axes
 + Level 2.2 Dodging
 + Level 6.0 Stealth


You couldn't memorise any spells.
You didn't know any spells.
Your spell library was empty.

Dungeon Overview and Level Annotations

Branches:
Dungeon (5/15)
 Temple: D:4-7

Altars:


Innate Abilities, Weirdness & Mutations

You are resistant to damage.
You can heal yourself by infusing magical energy.
You passively map a small area around you.
You do not regenerate.


Message History

You hit the orc but do no damage.
The orc is lightly wounded.
You barely miss the orc. You hit the orc. You closely miss something.
Something hits you but does no damage. The orc hits you with a +0 club.
The orc barely misses you.
You barely miss the orc.
The orc is lightly wounded.
You hit the orc but do no damage. You barely miss the orc. You hit something.
You hear a splashing noise.
The orc barely misses you.
The orc splashes around in the water.
The orc hits you with a +0 short sword.
Your unstable footing causes you to fumble your attack.
You hear some strange, mumbled words.
Something tries to affect you, but you resist.
The orc hits you with a +0 mace.
* * * LOW HITPOINT WARNING * * *
The orc hits you with a +0 club. The orc closely misses you.
Something hits you.
* * * LOW HITPOINT WARNING * * *
The orc misses you.
You hit the orc.
The orc is almost dead.
You hit the orc but do no damage. x2; You miss something.
The orc barely misses you. The orc hits you with a +0 short sword.
* * * LOW HITPOINT WARNING * * *
The orc hits you with a +0 mace. Something hits you but does no damage.
The orc misses you.
You barely miss the orc.
The orc is almost dead.
You closely miss the orc. You hit the orc. You closely miss something.
The orc barely misses you. Something hits you.
* * * LOW HITPOINT WARNING * * *
The orc splashes around in the water.
The orc barely misses you.
The orc splashes around in the water.
Unknown command.
Unknown command.
Your unstable footing causes you to fumble your attack.
Something hits you but does no damage.
The orc splashes around in the water. x2
The orc hits you with a +0 short sword.
You die...

** * ..# ♣.≈ ♣.♣♣ *, ♣≈P♣
♣≈P♣ ♣♣♣♣♣♣≈≈♣♣♣♣
##♣P≈♣{≈≈≈≈.P♣♣##### *
*#...o@o≈..≈≈.≈..##.###
,....♣♣≈o♣≈≈≈♣≈≈≈♣...#...
*# ♣♣♣♣P≈♣♣♣♣♣♣###.#.# ,*
♣♣≈≈♣ #.#.# * ♣≈≈♣ *
#.#.# , * * ≈≈♣♣ ,
,,..#.# , , ♣.≈ , * ###.#
,, ..., , #.# ,... ,* #.#


You could see 3 orcs.

Vanquished Creatures
  An orc (D:5)
1 creature vanquished.

Vanquished Creatures (others)
  A plant (D:5)
1 creature vanquished.

Grand Total: 2 creatures vanquished

Notes
Turn   | Place    | Note
-------+----------+-------------------------------------------
     0 | D:5      | PewDiePie the Deep Dwarf Delver began the quest for the
                  | Orb.
     0 | D:5      | Reached XP level 1. HP: 20/20 MP: 1/1
    27 | D:5      | Noticed an orc wizard
    45 | D:5      | HP: 1/20 [something (1)]
    46 | D:5      | Slain by an orc

Illustrated notes

Levels and vault maps discovered:
D:5:      layout_loops_ring, serial_bayou, serial_bayou_ford_a,
          serial_bayou_pond_c, serial_bayou_crossing, serial_bayou_pond_d,
          grunt_ministairs_15, wad_rectangle_vault

Action                   || total
-------------------------++-------
Melee: Hand axe          ||    16
Armor: Leather armour    ||    10
Dodge: Dodged            ||    19
